 Dungeon Crawl Stone Soup version 0.31-a0-640-g39d97e502b (webtiles) character file.

Game seed: 9345887001268021605

326 rvierbuc the Ruffian (level 6, -1/46 HPs)
             Began as a Demonspawn Reaver on Aug 27, 2023.
             Slain by Pikel
             ... wielding a +2 whip of freezing
              (3 damage)
             ... on level 5 of the Dungeon.
             The game lasted 00:11:52 (2941 turns).

rvierbuc the Ruffian (Demonspawn Reaver)            Turns: 2941, Time: 00:11:53

Health: -1/46      AC:  4    Str: 14    XL:     6   Next: 24%
Magic:  5/9        EV: 12    Int: 16    God:
Gold:   174        SH:  0    Dex: 12    Spells: 7/9 levels left

rFire   . .          .
                       - Unarmed
rCold   . . .        (no shield)
rNeg    . . .        a - +0 leather armour
rPois   .            (helmet restricted)
rElec   .            c - +0 cloak
rCorr   .            (no gloves)
SInv    .            (no boots)
Will    .....        (no amulet)
Stlth   +            (no ring)
HPRegen 0.27/turn    (no ring)
MPRegen 0.11/turn

%: no passive effects
@: no status effects
A: horns 2, powered by death 1, big brain 1
a: no special abilities


You were on level 5 of the Dungeon.
You visited 1 branch of the dungeon, and saw 5 of its levels.

You collected 174 gold pieces.

Inventory:

Armour
 a - a +0 leather armour (worn)
 c - a +0 cloak (worn)
 q - a +0 helmet
Magical Staves
 l - a staff of earth
 s - a staff of conjuration
Talismans
 p - a beast talisman
Wands
 f - a wand of paralysis (9)
Scrolls
 e - 2 scrolls of summoning {unknown}
 h - a scroll of identify {unknown}
 i - a scroll of immolation {unknown}
 n - 2 scrolls of enchant armour {unknown}
 o - a scroll of enchant weapon {unknown}
 t - 3 scrolls of vulnerability {unknown}
 u - a scroll of fog {unknown}
Potions
 b - a potion of attraction {unknown}
 d - 2 potions of brilliance {unknown}
 g - a potion of mutation {unknown}
 j - a potion of ambrosia {unknown}
 k - a potion of enlightenment {unknown}
 m - a potion of heal wounds {unknown}
 r - a potion of curing {unknown}
 v - a potion of cancellation {unknown}


   Skills:
 + Level 2.8 Fighting
 + Level 2.1 Armour
 + Level 2.5 Dodging
 + Level 0.3 Stealth
 + Level 4.8 Unarmed Combat
 + Level 2.3 Spellcasting
 + Level 3.3 Conjurations
 + Level 0.6 Fire Magic


You had 7 spell levels left.
You knew the following spells:

 Your Spells              Type           Power      Damage    Failure   Level
a - Kiss of Death         Conj/Necr      28%        2d7       12%         1
b - Foxfire               Conj/Fire      32%        2x1d5     11%         1

Your spell library contained the following spells:

 Spells                   Type           Power      Damage    Failure   Level
 Momentum Strike          Conj/Tloc      14%        3d8       19%         2
 Scorch                   Fire           6%         2d5       28%         2
 Hailstorm                Conj/Ice       7%         3d4       36%         3
 Flame Wave               Conj/Fire      8%         2d5       73%         4
 Plasma Beam              Fire/Air       1%         2x1d11    100%        6
 Starburst                Conj/Fire      4%         6d3       100%        6
 Summon Cactus Giant      Summ           0%         N/A       100%        6


Dungeon Overview and Level Annotations

Branches:
Dungeon (5/15)
 Temple: D:4-7

Altars:
Ashenzari
Cheibriados
Gozag
Hepliaklqana
Kikubaaqudgha
Ru
Yredelemnul

Annotations:
D:5 Pikel


Innate Abilities, Weirdness & Mutations

You have a pair of horns on your head.
You regenerate a little health from kills.
You have an unusually large brain. (Int +2)


Message History

Pikel is lightly wounded.
Pikel hits you with a +2 whip of freezing.
Pikel freezes you.
You hit Pikel.
Pikel is lightly wounded.
Pikel closely misses you.
You hit Pikel but do no damage.
Pikel is lightly wounded.
Pikel hits you with a +2 whip of freezing.
Pikel freezes you.
You hit Pikel but do no damage.
Pikel is lightly wounded.
Pikel barely misses you.
You hit Pikel but do no damage. You punch Pikel.
Pikel is moderately wounded.
Pikel hits you with a +2 whip of freezing.
Pikel freezes you.
You hit Pikel but do no damage. You headbutt Pikel, but do no damage.
Pikel is moderately wounded.
Pikel hits you with a +2 whip of freezing!
Pikel freezes you.
You hit Pikel but do no damage. You headbutt Pikel.
Pikel is moderately wounded.
Pikel barely misses you.
You hit Pikel but do no damage. You punch Pikel.
Pikel is moderately wounded.
Pikel hits you with a +2 whip of freezing!
* * * LOW HITPOINT WARNING * * *
Pikel freezes you.
* * * LOW HITPOINT WARNING * * *
Okay, then.
Aiming: Paralyse
Press: ? - help, Shift-Dir - straight line, f - Pikel
Aim: Pikel, wielding a +2 whip of freezing and wearing a +0 robe (moderately wounded, chance to affect: 49%) Pikel resists with some effort.
Pikel hits you with a +2 whip of freezing!
* * * LOW HITPOINT WARNING * * *
Pikel freezes you.
You die...
Pikel says, "Another soul for the market."

. #.# #.# #.##
#..# ##.# #.#
.... #.# ....
#.## ..... #.@#
.... .$ ##K#.(.
... ##5#.# #.##
##55..#
#...##...###
###.#.#..#.##
............##
..........†..##
..............#


You could see Pikel and 3 lemures.

Vanquished Creatures
  An ogre (D:4)
  A scorpion (D:5)
  4 gnolls (D:5)
  5 adders
  A river rat (D:3)
  An ufetubus (D:5)
  2 worms (D:3)
  5 orcs (D:3)
  5 endoplasms
  4 giant cockroaches
  4 goblins (D:2)
  10 hobgoblins
  2 jackals (D:2)
  4 quokkas
  6 ball pythons
  4 bats
  2 frilled lizards
  5 kobolds
  8 rats
74 creatures vanquished.

Vanquished Creatures (others)
  60 foxfires
60 creatures vanquished.

Grand Total: 134 creatures vanquished

Notes
Turn   | Place    | Note
-------+----------+-------------------------------------------
     0 | D:1      | rvierbuc the Demonspawn Reaver began the quest for the Orb.
     0 | D:1      | Reached XP level 1. HP: 16/16 MP: 3/3
   255 | D:1      | Gained mutation: You regenerate a little health from kills.
                  | [demonic ancestry]
   255 | D:1      | Reached XP level 2. HP: 22/22 MP: 5/5
   259 | D:1      | You fall into a shaft and drop 1 floor!
   384 | D:2      | Reached skill level 3 in Unarmed Combat
   717 | D:2      | Gained mutation: You have a pair of small horns on your
                  | head. [demonic ancestry]
   717 | D:2      | Reached XP level 3. HP: 11/27 MP: 6/6
   829 | D:2      | Reached skill level 1 in Armour
  1175 | D:2      | Gained mutation: You have an unusually large brain. (Int
                  | +2) [demonic ancestry]
  1175 | D:2      | Reached XP level 4. HP: 32/33 MP: 7/7
  1188 | D:2      | Learned a level 1 spell: Foxfire
  1635 | D:3      | Found a glowing drain.
  1763 | D:3      | Found an opulent altar of Gozag.
  1772 | D:3      | Found an ancient bone altar of Kikubaaqudgha.
  1798 | D:3      | Found a snail-covered altar of Cheibriados.
  1922 | D:3      | Found a hazy altar of Hepliaklqana.
  2247 | D:3      | Found a large runed translucent door.
  2248 | D:3      | Found a large runed translucent door.
  2331 | D:3      | Found a sacrificial altar of Ru.
  2348 | D:3      | Found a broken altar of Ashenzari.
  2517 | D:4      | Found a basalt altar of Yredelemnul.
  2517 | D:4      | Noticed an ogre
  2556 | D:5      | Entered Level 5 of the Dungeon
  2569 | D:5      | Gained mutation: You have a pair of horns on your head.
                  | [demonic ancestry]
  2569 | D:5      | Reached XP level 5. HP: 5/39 MP: 8/8
  2573 | D:5      | Reached skill level 4 in Unarmed Combat
  2666 | D:4      | Killed an ogre
  2773 | D:5      | Reached XP level 6. HP: 42/46 MP: 6/9
  2917 | D:5      | Noticed Pikel
  2941 | D:5      | HP: 2/46 [Pikel/+2 whip of freezing (8)]
  2941 | D:5      | Slain by Pikel

Illustrated notes

Levels and vault maps discovered:
D:1:      wander_arrival_desolate, layout_basic
D:2:      layout_loops_corners, chequers_serial_rivers_room_a,
          minmay_joined_circles
D:3:      layout_loops_ring, gammafunk_temple_overflow_forgotten,
          cheibriados_altar_1, jmf_multi_god_temple2,
          mainiacjoe_overflow_boulevard, portal_sewer_entry_a
D:4:      layout_loops_ring, nicolae_overflow_crystal_walls, dk_vineyard_3,
          eino_small_chamber_without_monster, amcnicky_mini_corridor_feature,
          minmay_distorted
D:5:      layout_rooms, grunt_ministairs_15, nicolae_shop_sticking_my_neck_out,
          uniq_edmund, uniq_pikel

Skill      XL: |  1  2  3  4  5 |
---------------+----------------+-----
Dodging        | 2 |  2.5
Unarmed Combat | 3 4 |  4.8
Armour         | 1 2 |  2.1
Fighting       | |  2.8
Stealth        | |  0.3
Spellcasting   | |  2.3
Conjurations   | |  3.3
Fire Magic     | |  0.6

Action                     |  1- 3 |  4- 6 || total
---------------------------+-------+-------++-------
  Melee: Unarmed           |   117 |   143 ||   260
         Punch             |     4 |     6 ||    10
         Headbutt          |     4 |    26 ||    30
   Cast: Foxfire           |       |    41 ||    41
  Evoke: Wand              |       |     1 ||     1
   Stab: Sleeping          |     1 |       ||     1
 Armour: Leather armour    |    31 |    26 ||    57
  Dodge: Dodged            |    64 |    74 ||   138

Table legend: (Time is in decaauts)
 A = Elapsed time spent in this place.
 B = Non-inter-level travel time spent in this place.
 C = Inter-level travel time spent in this place.
 D = Time resting spent in this place.
 E = Time spent auto-exploring this place.
 F = Levels seen in this place.
 G = Mean time per level.
                   A        B        C        D        E       F      G
               +--------+--------+--------+--------+--------+-----+--------+
         Total |   2924 |   2839 |     85 |     88 |   2163 |   5 |  584.8 |
       Dungeon |   2924 |   2839 |     85 |     88 |   2163 |   5 |  584.8 |
               +--------+--------+--------+--------+--------+-----+--------+

Top non-repeatable levels by time:
     D:2: 1173 daAuts
     D:3: 996 daAuts
     D:5: 371 daAuts
     D:1: 257 daAuts
     D:4: 125 daAuts
